 Dungeon Crawl Stone Soup version 0.30-a0-422-g946f4849ff (webtiles) character file.

Game seed: 15013746821751639983

199 lunkers the Basher (level 6, -5/8 (48) HPs)
             Began as a Meteoran Reaver on Dec 8, 2022.
             Slain by an orc
             ... wielding a +0 mace
              (7 damage)
             ... on level 4 of the Dungeon.
             The game lasted 00:02:29 (1162 turns).

lunkers the Basher (Meteoran Reaver)                Turns: 1162, Time: 00:02:29

HP:   -5/8 (48)     AC:  8    Str: 16    XL:     6   Next: 28%
MP:   11/11         EV: 11    Int: 14    God:
Gold: 51            SH:  0    Dex: 13    Spells: 9/10 levels left

rFire   . . .      SeeInvis .    a - +0 mace
rCold   . . .      Faith    .    (no shield)
rNeg    . . .      Spirit   .    g - +0 ring mail
rPois   .          Reflect  .    c - +1 helmet
rElec   .          Harm     .    (no cloak)
rCorr   .          Rampage  .    (no gloves)
Will    .....                    n - +0 pair of boots
Stlth   +.........               (no amulet)
HPRegen 0.21/turn                (no ring)
MPRegen 0.12/turn                (no ring)

@: glowing, extremely drained
A: sense surroundings 1, otherworldly, glowing, explore regen
a: no special abilities


You were on level 4 of the Dungeon.
You visited 1 branch of the dungeon, and saw 4 of its levels.

You collected 51 gold pieces.

Inventory:

Hand Weapons
 a - a +0 mace (weapon)
Armour
 b - a +0 leather armour
 c - a +1 helmet (worn)
 g - a +0 ring mail (worn)
 n - a +0 pair of boots (worn)
Jewellery
 i - a ring of protection from fire
Scrolls
 d - 3 scrolls of identify {unknown}
 f - a scroll of blinking {unknown}
 j - a scroll of enchant armour {unknown}
 k - a scroll of teleportation {unknown}
 l - a scroll of brand weapon {unknown}
Potions
 e - 2 potions of resistance {unknown}
 h - 2 potions of might {unknown}
 m - a potion of lignification {unknown}


   Skills:
 - Level 2.1 Fighting
 + Level 8.3 Maces & Flails
 - Level 2.4 Dodging
 - Level 2.6 Spellcasting
 - Level 3.6 Conjurations


You had 9 spell levels left.
You knew the following spells:

 Your Spells              Type           Power      Damage    Failure   Level
p - Kiss of Death         Conj/Necr      24%        2d7       21%         1

Your spell library contained the following spells:

 Spells                   Type           Power      Damage    Failure   Level
 Momentum Strike          Conj/Tloc      12%        3d8       30%         2
 Hailstorm                Conj/Ice       6%         3d4       52%         3


Dungeon Overview and Level Annotations

Branches:
Dungeon (4/15) Zot: 1222
 Temple: D:4-7

Altars:
Sif Muna

Shops:
D:2 (


Innate Abilities, Weirdness & Mutations

You passively map a small area around you.
You are easily found by Zot.
You glow in the dark.
You regain HP and MP as you explore.


Message History

You see here 10 gold pieces. 2 orcs come into view.
The orc shouts! x2
There are monsters nearby!
An orc comes into view. It is wielding a +0 mace.
The orc shouts!
There are monsters nearby!
There are monsters nearby!
Found a long sword and a scroll labelled EFUREO MILUXKI.
You closely miss the orc. The orc hits you but does no damage.
You barely miss the orc. The orc hits you but does no damage.
You closely miss the orc. The orc hits you but does no damage.
You hit the orc.
The orc is lightly wounded.
The orc misses you. The orc attacks as you move away!
The orc hits you but does no damage.
You sock the orc!
You kill the orc!
You hit the orc but do no damage. The orc barely misses you.
You hit the orc but do no damage. The orc closely misses you.
You barely miss the orc. The orc hits you but does no damage.
You hit the orc.
The orc is severely wounded.
The orc hits you but does no damage.
You barely miss the orc.
The orc is severely wounded.
You hit the orc but do no damage.
The orc is severely wounded.
The orc barely misses you.
You hit the orc.
You kill the orc!
You hit the orc but do no damage. The orc hits you but does no damage.
You closely miss the orc. The orc hits you with a +0 mace.
You hit the orc but do no damage. The orc hits you with a +0 mace.
Ouch! That really hurt!
* * * LOW HITPOINT WARNING * * *
A worm comes into view.
You barely miss the orc. The orc hits you with a +0 mace!
Ouch! That really hurt!
You die...

.. ##)# *, ..
.### .#..., * ,,
.... . * , * #.w
.# #.#.###. *
#.#o#.. ,,, *
#.#o#.# *, ,
###.#@#.# * ,
#.......# ,
#.....$.#,* , ,
#.......# * ,
#.......# , ,
#.......# ,
###'##....#
#.##....#,
#########.##....#
,


You could see a worm and 2 orcs.

Vanquished Creatures
  An iguana (D:3)
  Natasha (thrice) (D:3)
  4 adders
  A worm (D:3)
  2 dart slugs
  6 orcs
  4 ball pythons
  An endoplasm (D:3)
  6 goblins
  5 hobgoblins
  A quokka (D:2)
  9 bats
  2 frilled lizards
  3 kobolds
  7 rats
55 creatures vanquished.

Notes
Turn   | Place    | Note
-------+----------+-------------------------------------------
     0 | D:1      | lunkers the Meteoran Reaver began the quest for the Orb.
     0 | D:1      | Reached XP level 1. HP: 17/17 MP: 5/5
   199 | D:1      | Reached XP level 2. HP: 23/24 MP: 6/6
   341 | D:2      | Reached skill level 5 in Maces & Flails
   341 | D:2      | Reached XP level 3. HP: 28/29 MP: 8/8
   544 | D:2      | Reached XP level 4. HP: 34/36 MP: 9/9
   546 | D:2      | Found Rutohe's Antique Weapon Boutique.
   588 | D:2      | Reached skill level 6 in Maces & Flails
   623 | D:2      | Found a shimmering blue altar of Sif Muna.
   934 | D:3      | Reached XP level 5. HP: 41/41 MP: 10/10
   936 | D:3      | Noticed Natasha
   950 | D:3      | Killed Natasha
   951 | D:3      | Reached skill level 7 in Maces & Flails
   965 | D:3      | Noticed Natasha
   975 | D:3      | Killed Natasha
   976 | D:3      | Reached XP level 6. HP: 6/10 MP: 8/11
   976 | D:3      | Noticed Natasha
   981 | D:3      | Killed Natasha
   982 | D:3      | Reached skill level 8 in Maces & Flails
  1162 | D:4      | Slain by an orc

Illustrated notes

Levels and vault maps discovered:
D:1:      minmay_arrival_open_corners, layout_basic
D:2:      layout_basic, basic_altar, serial_shops, nicolae_shop_behind_doors,
          st_stairs_9
D:3:      layout_rooms, corexii_corridor_pit, lightli_corner_chamber,
          uniq_natasha
D:4:      cheibrodos_quashed, layout_basic, serial_shops, nicolae_shop_stone,
          shop, shop, shop, nicolae_take_the_stairs, st_stairs_3,
          grunt_ministairs_10, uniq_robin

Skill      XL: |  1  2  3  4  5  6 |
---------------+-------------------+-----
Maces & Flails | 5 6 7 8 |  8.3
Fighting       | |  2.1
Dodging        | |  2.4
Spellcasting   | |  2.6
Conjurations   | |  3.6

Action                   |  1- 3 |  4- 6 || total
-------------------------+-------+-------++-------
Melee: Mace              |    59 |   110 ||   169
 Cast: Kiss of Death     |       |    10 ||    10
Armor: Leather armour    |    10 |       ||    10
       Ring mail         |    18 |    85 ||   103
Dodge: Dodged            |    38 |    74 ||   112

Table legend: (Time is in decaauts)
 A = Elapsed time spent in this place.
 B = Non-inter-level travel time spent in this place.
 C = Inter-level travel time spent in this place.
 D = Time resting spent in this place.
 E = Time spent auto-exploring this place.
 F = Levels seen in this place.
 G = Mean time per level.
                   A        B        C        D        E       F      G
               +--------+--------+--------+--------+--------+-----+--------+
         Total |   1176 |   1148 |     28 |      0 |    726 |   4 |  294.0 |
       Dungeon |   1176 |   1148 |     28 |      0 |    726 |   4 |  294.0 |
               +--------+--------+--------+--------+--------+-----+--------+

Top non-repeatable levels by time:
     D:2: 658 daAuts
     D:3: 261 daAuts
     D:1: 219 daAuts
     D:4: 36 daAuts
